 Dungeon Crawl Stone Soup version 0.29.0-5-ge4962eb29e (webtiles) character file.

Game seed: 2979846002127727406

390 Flugkiller the Chopper (level 6, -12/56 HPs)
             Began as a Minotaur Fighter on Aug 29, 2022.
             Was a Priest of Elyvilon.
             Mangled by Duvessa
             ... wielding a +0 short sword
              (13 damage)
             ... on level 3 of the Dungeon.
             The game lasted 00:01:11 (3008 turns).

Flugkiller the Chopper (Minotaur Fighter)           Turns: 3008, Time: 00:01:11

Health: -12/56     AC:  8    Str: 20    XL:     6   Next: 50%
Magic:  5/5        EV:  9    Int:  5    God:    Elyvilon [***...]
Gold:   174        SH:  4    Dex: 12    Spells: 5/5 levels left

rFire   . . .      SeeInvis .   a - +0 war axe
rCold   . . .      Faith    .   c - +0 buckler
rNeg    . . .      Spirit   .   b - +0 scale mail
rPois   .          Reflect  .   (helmet restricted)
rElec   .          Harm     .   f - +0 cloak
rCorr   .          Rampage  .   (no gloves)
Will    .....                   (no boots)
Stlth   ..........              (no amulet)
HPRegen 0.18/turn               (no ring)
MPRegen 0.09/turn               (no ring)

@: about to teleport, hasted, very quick
A: horns 2, retaliatory headbutt
a: Renounce Religion, Purification, Heal Other, Heal Self


You were on level 3 of the Dungeon.
You worshipped Elyvilon.
Elyvilon was most pleased with you.
You visited 1 branch of the dungeon, and saw 4 of its levels.

You collected 174 gold pieces.

Inventory:

Hand Weapons
 a - a +0 war axe (weapon)
Armour
 b - a +0 scale mail (worn)
 c - a +0 buckler (worn)
 f - a +0 cloak (worn)
   (You took it off Crazy Yiuf on level 2 of the Dungeon)
Scrolls
 g - a scroll of immolation {unknown}
 i - 2 scrolls of enchant weapon {unknown}
 l - 2 scrolls of magic mapping
 m - a scroll of vulnerability {unknown}
 n - a scroll of torment {unknown}
 q - 4 scrolls of blinking {unknown}
 r - 3 scrolls of identify
 s - a scroll of poison {unknown}
 t - a scroll of teleportation
Potions
 d - a potion of might
 e - a potion of lignification {unknown}
 h - a potion of haste
 j - a potion of cancellation {unknown}
 k - a potion of brilliance {unknown}
 o - a potion of curing {unknown}
 p - 2 potions of flight {unknown}
 u - 2 potions of degeneration {unknown}
 v - 2 potions of heal wounds {unknown}


   Skills:
 + Level 5.3 Fighting
 * Level 6.2 Axes
 + Level 5.4 Armour
 - Level 3.6 Shields


You had 5 spell levels left.
You didn't know any spells.
Your spell library was empty.

Dungeon Overview and Level Annotations

Branches:
Dungeon (4/15)
 Temple: D:4-7

Altars:
Elyvilon

Annotations:
D:3 Duvessa


Innate Abilities, Weirdness & Mutations

You have a pair of horns on your head.
You reflexively headbutt those who attack you in melee.


Message History

No target in view!
No target in view!
No target in view!
(D) Dungeon
Where to? (Enter - D:3, ? - help)
There is a stone staircase leading down here.
You climb downwards.
The iguana hisses angrily.
The adder hisses angrily.
The hound barks!
The goblin shouts!
You hear a shout! x3
There is a stone staircase leading up here.
There are monsters nearby!
Unknown command.
There are monsters nearby!
There are monsters nearby!
There are monsters nearby!
You slash the iguana!
You headbutt the iguana, but do no damage.
The iguana is almost dead.
The iguana bites you but does no damage.
You barely miss the iguana.
The iguana is almost dead.
You block the iguana's attack.
An adder comes into view.
You slash the iguana!
You kill the iguana!
You slash the goblin!
You kill the goblin!
You closely miss the adder. The hound bites you. The adder bites you.
You are poisoned.
The adder poisons you!
A scorpion comes into view.
You have reached level 6!
You barely miss the hound. You hit the adder.
You feel sick. The hound barely misses you.
An adder comes into view.
The adder bites you but does no damage. The hound bites you but does no damage.
The adder bites you but does no damage.
You barely miss the adder. Your headbutt misses the adder.
The adder is heavily wounded.
You slash the hound!
You feel sick. The hound barely misses you. The adder barely misses you.
The hound bites you.
Duvessa, Sister of Dowan comes into view.
She is wielding a +0 short sword.
The adder bites you but does no damage.
You slash the hound!
You kill the hound!
You hit the adder.
You feel sick.
You are no longer poisoned.
You block the adder's attack.
Dowan, Brother of Duvessa comes into view.
He is wielding a +0 dagger.
You barely miss the adder. You headbutt the adder.
You kill the adder!
You slash the adder! The adder bites you but does no damage.
Dowan gestures wildly while chanting.
Dowan blinks!
The adder bites you but does no damage.
You slash the adder!
You kill the adder!
You slash the adder! The adder bites you.
Dowan drinks a potion.
Dowan seems to speed up.
h - 2 potions of haste;
k - a viscous clear potion The adder bites you but does no damage.
Duvessa hits you with a +0 short sword!
Your Axes skill increases to level 6!
You slash the adder!
You kill the adder!
You slash Dowan! You barely miss Duvessa. Dowan hits you with a +0 dagger.
Duvessa hits you with a +0 short sword. Dowan closely misses you.
Dowan hits you with a +0 dagger. Duvessa hits you with a +0 short sword.
You climb upwards.
There is a stone staircase leading down here.
You closely miss Dowan.
Dowan is heavily wounded.
You hit Duvessa. Dowan hits you with a +0 dagger. Duvessa barely misses you.
You furiously retaliate!
You headbutt Duvessa. Dowan completely misses you.
You slash Dowan!
You kill Dowan!
Duvessa screams in rage.
Duvessa goes berserk!
You hit Duvessa but do no damage. Duvessa hits you with a +0 short sword!
* * * LOW HITPOINT WARNING * * *
Duvessa barely misses you.
You are too injured to fight recklessly!
You are too injured to fight recklessly!
You are too injured to fight recklessly!
You feel yourself speed up. Duvessa barely misses you.
Things that are here:
a +0 dagger; a +0 robe Duvessa hits you with a +0 short sword!
* * * LOW HITPOINT WARNING * * *
There is a large open door here.
There is a large open door here.
As you read the scroll labelled RAPIUNGAM NING, it crumbles to dust.
It is a scroll of identify.
q - 2 scrolls of magic mapping;
l - 2 scrolls of magic mapping
q - 4 scrolls labelled CEMITA FOPPU;
r - 3 scrolls of identify
e - a smoky white potion
As you read the scroll labelled NEFUNO COMOCK, it crumbles to dust.
You feel strangely unstable.
It was a scroll of teleportation.
t - a scroll of teleportation;
f - a +0 cloak (worn)
Duvessa hits you with a +0 short sword!
You die...

##### ### #...# ..####
############### #...###
.....###.......##....####.....###
.......+...))..e@....'...........
##.....#.......##....######......
...>)..........##........#.......
###.....############.....#.......
###......# #......##.....#.......
..+..(.#.###......###...######...
###....#..........##.............
#......##.........##.............
#.................##.............


You could see Duvessa (berserk).

Vanquished Creatures
  Dowan (D:3)
  2 hounds
  An orc priest (D:3)
  Crazy Yiuf (D:2)
  An iguana (D:4)
  Jessica (D:3)
  An orc wizard (D:3)
  8 adders
  A dart slug (D:3)
  4 orcs (D:3)
  5 ball pythons
  3 endoplasms
  4 giant cockroaches
  3 goblins
  10 hobgoblins
  6 jackals
  7 quokkas
  A bat (D:3)
  4 frilled lizards
  8 kobolds
  4 rats
76 creatures vanquished.

Notes
Turn   | Place    | Note
-------+----------+-------------------------------------------
     0 | D:1      | Flugkiller the Minotaur Fighter began the quest for the
                  | Orb.
     0 | D:1      | Reached XP level 1. HP: 19/19 MP: 0/0
   195 | D:1      | Reached skill level 3 in Axes
   195 | D:1      | Reached XP level 2. HP: 27/27 MP: 1/1
   217 | D:1      | Found a faded altar of an unknown god.
   242 | D:1      | Prayed at the altar of an unknown god.
   242 | D:1      | Became a worshipper of Elyvilon the Healer
   242 | D:1      | Reached * piety under Elyvilon
   767 | D:1      | Reached XP level 3. HP: 33/33 MP: 2/2
   997 | D:2      | Reached ** piety under Elyvilon
  1262 | D:2      | Reached skill level 4 in Axes
  1536 | D:2      | Reached XP level 4. HP: 40/40 MP: 3/3
  1884 | D:2      | Found a runed translucent door.
  1885 | D:2      | Noticed Crazy Yiuf
  1959 | D:2      | Killed Crazy Yiuf
  2372 | D:3      | Reached *** piety under Elyvilon
  2419 | D:3      | Noticed Jessica
  2422 | D:3      | Reached XP level 5. HP: 44/47 MP: 4/4
  2427 | D:3      | Killed Jessica
  2428 | D:3      | Reached skill level 5 in Axes
  2542 | D:3      | Reached skill level 5 in Armour
  2671 | D:3      | Reached skill level 5 in Fighting
  2983 | D:4      | Reached XP level 6. HP: 50/56 MP: 5/5
  2984 | D:4      | Noticed Duvessa
  2985 | D:4      | Noticed Dowan
  2988 | D:4      | Reached skill level 6 in Axes
  2992 | D:3      | Killed Dowan
  3003 | D:3      | HP: 1/56 [Duvessa/+0 short sword (10)]
  3008 | D:3      | Mangled by Duvessa

Illustrated notes

Levels and vault maps discovered:
D:1:      matt_arrival_los_fun, layout_rooms, ebering_ecumenical_altar_webs,
          chequers_serial_rivers_micro_c, minmay_hexomino_c4
D:2:      kb_forest_paths, layout_rooms, wad_floor_pattern_2,
          grunt_decor_clamped, uniq_crazy_yiuf_cottage
D:3:      layout_basic, uniq_jessica
D:4:      layout_rooms, minmay_misc_feat_iff, kennysheep_generic_room_11,
          uniq_duvessa, uniq_robin

Skill      XL: |  1  2  3  4  5  6 |
---------------+-------------------+-----
Axes           | 3 4 5 6 |  6.2
Fighting       | 4 5 |  5.3
Armour         | 4 5 |  5.4
Shields        | |  3.6

Action                   |  1- 3 |  4- 6 || total
-------------------------+-------+-------++-------
Melee: War axe           |    85 |    77 ||   162
       Headbutt          |     8 |    14 ||    22
  Use: Scroll            |       |     2 ||     2
       Potion            |       |     1 ||     1
Armor: Scale mail        |    51 |    49 ||   100
Dodge: Dodged            |    34 |    29 ||    63
Block: Buckler           |    20 |    14 ||    34
